 Dungeon Crawl Stone Soup version 0.27.1-2-g3b301248ec (console) character file.

Game seed: 3934353473207892582

59459 Banquo the Cleaver (level 15, -1/103 HPs)
             Began as a Djinni Berserker on Oct 2, 2021.
             Was an Initiate of Ashenzari.
             Slain by a slime creature (8 damage)
             ... on level 12 of the Dungeon on Oct 3, 2021.
             The game lasted 01:52:42 (52097 turns).

Banquo the Cleaver (Djinni Berserker)              Turns: 52097, Time: 01:52:43

Health: -1/103     AC: 28    Str: 15 (16) XL:     15   Next: 34%
Gold:   1297       EV: 23    Int: 21      God:    Ashenzari [......] SH: 13 Dex: 13

rFire    + . .     SeeInvis .   a - +2 broad axe (vamp)
rCold    . . .     Faith    .   i - +1 kite shield
rNeg     . . .     Spirit   .   d - +7 chain mail "Iseorch" {Int+6}
rPois    ∞         Reflect  .   h - +1 helmet
rElec    .         Harm     .   e - +0 cloak
rCorr    .         Rampage  .   g - +0 pair of gloves
Will     +....                  (boots unavailable)
Stlth    ..........             z - amulet of the acrobat
HPRegen  0.27/turn              X - +4 ring of protection
MPRegen  0.00/turn              o - ring of ice

@: acrobatic, flying
A: sickness immunity, fire resistance 2, cold vulnerability 1, float, innate
caster, hp casting, extra vitality 1
a: Renounce Religion


You were on level 12 of the Dungeon.
You worshipped Ashenzari.
Ashenzari was noncommittal.
You visited 3 branches of the dungeon, and saw 19 of its levels.

You collected 1394 gold pieces.
You spent 97 gold pieces at shops.

Inventory:

Hand Weapons
 a - a +2 vampiric broad axe (weapon)
 b - a +4 flail of protection
 t - a +1 hunting sling of freezing
 U - a +1 war axe of freezing
 Y - a +1 spear of venom
Missiles
 j - 545 stones (quivered)
 u - 128 sling bullets
 D - a throwing net
 L - 5 boomerangs of dispersal
 P - 8 javelins
Armour
 d - the +7 chain mail "Iseorch" (worn) {Int+6}
   (You found it on level 8 of the Dungeon)

   Int:       It affects your intelligence (+6).
 e - a +0 cloak (worn)
 g - a +0 pair of gloves (worn)
 h - a +1 helmet (worn)
 i - a +1 kite shield (worn)
 S - +0 acid dragon scales
 T - the +18 shield of the Gong {rElec rN+ Will+ EV-5}
   (You found it on level 5 of the Lair of Beasts)

   It is deafeningly noisy when blocking attacks.
   EV:        It affects your evasion (-5).
   rElec:     It insulates you from electricity.
   rN:        It protects you from negative energy.
   Will:      It increases your willpower.
Magical Staves
 x - a staff of cold
Jewellery
 o - a ring of ice (right hand)
 z - an amulet of the acrobat (around neck)
 F - a ring of resist corrosion
 X - a +4 ring of protection (left hand)
Wands
 r - a wand of mindburst (11)
 J - a wand of acid (18)
 K - a wand of iceblast (5)
 R - a wand of flame (51)
Scrolls
 c - a scroll of magic mapping
 m - 9 scrolls of teleportation
 p - 7 scrolls of fear
 q - a scroll of blinking
 y - a scroll of silence
 C - a scroll of holy word
 I - a scroll of fog
Potions
 k - 3 potions of heal wounds
 l - a potion of ambrosia
 n - 4 potions of cancellation
 s - 4 potions of curing
 E - a potion of invisibility
 G - 2 potions of resistance
 Q - 2 potions of might
Miscellaneous
 A - a box of beasts


   Skills:
 - Level 8.1 Fighting
 - Level 14.5 Axes
 - Level 11.7 Armour
 - Level 4.8 Dodging
 - Level 11.0 Shields
 + Level 4.8 Spellcasting


You couldn't memorise any spells.
You knew the following spells:

 Your Spells              Type           Power      Damage    Failure   Level
a - Shock                 Conj/Air       100%       1d9       28%         1
b - Blink                 Tloc           N/A        N/A       38%         2
e - Yara's Violent Unrav  Hex/Tmut       12%        3d7       100%        5
f - Manifold Assault      Tloc           25%        N/A       100%        5
g - Dispersal             Tloc           12%        N/A       100%        6
i - Ignite Poison         Fire/Tmut/Pois 25%        N/A       63%         3
p - Poisonous Vapours     Pois/Air       50%        N/A       38%         2
Your spell library was empty.

Dungeon Overview and Level Annotations

Branches:
Dungeon (12/15)            Temple (1/1) D:6            Lair (6/6) D:11
  Swamp (0/4) Lair:3        Snake (0/4) Lair:4        Slime (0/5) Lair:5
    Orc (0/2) D:10

Altars:
Ashenzari
Cheibriados
Dithmenos
Elyvilon
Fedhas
Gozag
Hepliaklqana
Kikubaaqudgha
Makhleb
Nemelex Xobeh
Okawaru
Qazlal
Ru
Sif Muna
Trog
Uskayaw
Vehumet
Wu Jian
Xom
Yredelemnul
Zin
The Shining One
Jiyva
Lugonu

Shops:
D:2 ?   D:11 :

Annotations:
Lair:1 exclusion: 4 oklob plants
Lair:5 1 runed translucent door


Innate Abilities, Weirdness & Mutations

You are immune to sickness and miasma.
You are immune to poison.
Your flesh is very heat resistant. (rF++)
You are vulnerable to cold. (rC-)
You float through the air rather than walking.
You learn spells naturally, not from books.
Your magical power is your life essence.
You have superior vitality. (+4 HP)


Message History

Two slime creatures merge to form an enormous slime creature.
You slash the enormous slime creature!
The enormous slime creature is lightly wounded.
You slash the slime creature!
The cyclops throws a large rock.
You block the large rock. The enormous slime creature hits you!!
The slime creature hits you but does no damage.
You hit the enormous slime creature.
You feel better.
The enormous slime creature is moderately wounded.
You hit the slime creature.
An enormous slime creature splits.
The slime creature hits you!
You hit the large slime creature.
You feel better.
The large slime creature is moderately wounded.
You hit the large slime creature.
You feel better.
You hit the slime creature.
You feel better. The large slime creature hits you!
You block the slime creature's attack.
A large slime creature splits.
You are too injured to fight recklessly!
You slash the slime creature!
The slime creature is heavily wounded.
You slash the slime creature! x2
You completely miss the large slime creature.
The large slime creature hits you but does no damage.
The slime creature hits you but does no damage.
You slash the slime creature!
The slime creature is severely wounded.
You hit the large slime creature. You slash the slime creature! x2
The slime creature hits you! You block the slime creature's attack.
The large slime creature hits you!
* * * LOW HITPOINT WARNING * * *
You hit the slime creature but do no damage.
The slime creature is severely wounded.
You hit the large slime creature.
You feel better.
You hit the slime creature. You slash the slime creature!
You feel better. You block the slime creature's attack.
The slime creature hits you but does no damage.
You block the slime creature's attack. The large slime creature hits you!!
* * * LOW HITPOINT WARNING * * *
The slime creature barely misses you.
Two slime creatures merge to form a very large slime creature.
The slime creature hits you!
You die...

...!......................
..........................
......!...................
........$.................
.....>....................
.......................)..
.....................))...
.......JJ.............)...
.......J.@................
.......C....#############.
##########..# #. #..# #.
######..#############.
......................
......................
#..##################. #.
#.


You could see a very large slime creature, 2 slime creatures and a cyclops.

Vanquished Creatures
  8 hydras
  3 boulder beetles
  A catoblepas (Lair:6)
  A centaur warrior (D:8)
  3 two-headed ogres
  Urug (D:10)
  A death yak (Lair:6)
  An iron troll (Lair:6)
  A necromancer (Lair:4)
  2 deep elf pyromancers
  An ugly thing (D:12)
  2 cyclopes (D:11)
  4 manticores
  6 elephants
  5 black mambas
  3 torpor snails
  A gargoyle (D:11)
  9 cane toads
  6 orange demons (D:10)
  2 rime drakes
  6 komodo dragons
  2 unseen horrors (D:11)
  2 kobold demonologists
  An efreet (D:8)
  3 trolls
  A red devil (D:10)
  6 hornets
  9 polar bears
  30 blink frogs
  7 dream sheep (Lair:6)
  12 spriggans (Lair:6)
  A wraith (D:12)
  A vampire (D:12)
  26 yaks
  4 fire bats (Lair:6)
  5 wyverns
  Grum (D:10)
  3 basilisks
  A steam dragon (D:6)
  Edmund (D:5)
  2 acid dragons
  5 nagas (Lair:4)
  3 wargs (D:11)
  17 water moccasins
  8 orc warriors
  2 elephant zombies (Lair:4)
  4 black bears
  An ice beast (D:5)
  2 sky beasts
  A necrophage (D:8)
  3 boggarts (Lair:6)
  2 ogres (D:5)
  43 wolves
  6 centaurs
  3 kobold brigands
  2 komodo dragon zombies (Lair:4)
  Blork the orc (D:5)
  16 bullfrogs
  8 scorpions
  A wyvern skeleton (D:6)
  2 killer bees
  7 wights
  3 electric eels (Lair:4)
  3 vampire bats (D:7)
  3 howler monkeys
  3 hounds
  2 jellies
  2 centaur skeletons (D:7)
  2 bullfrog skeletons
  8 centaur zombies
  13 orc priests
  4 iguanas
  12 orc wizards
  A killer bee zombie (D:8)
  2 hound skeletons
  6 gnolls
  A howler monkey skeleton (D:7)
  7 adders
  3 white imps
  2 worms
  4 dart slugs
  38 orcs
  A bat skeleton (D:7)
  5 bat zombies (D:7)
  9 endoplasms
  2 giant cockroaches (D:2)
  4 goblins
  8 hobgoblins
  2 jackals (D:1)
  3 quokkas
  10 ball pythons
  3 bats (D:3)
  2 frilled lizards (D:2)
  9 kobolds
  5 rats
  A fire vortex (Lair:6)
505 creatures vanquished.

Vanquished Creatures (others)
  3 dream sheep (Lair:6)
  2 spriggans (Lair:6)
  A black bear (Lair:6)
  2 wolves (Lair:6)
  2 orcs (D:6)
  41 fungi
  63 plants
114 creatures vanquished.

Grand Total: 619 creatures vanquished

Notes
Turn   | Place    | Note
-------+----------+-------------------------------------------
     0 | D:1      | Banquo the Djinni Berserker began the quest for the Orb.
     0 | D:1      | Reached XP level 1. HP: 20/20 MP: 0/0
   234 | D:1      | Reached XP level 2. HP: 25/25 MP: 0/0
   957 | D:1      | Reached XP level 3. HP: 27/30 MP: 0/0
   957 | D:1      | Learned a level 1 spell: Shock
  1007 | D:1      | Reached skill level 3 in Axes
  1843 | D:2      | Reached XP level 4. HP: 21/35 MP: 0/0
  2048 | D:2      | Found a faded altar of an unknown god.
  2186 | D:2      | Found Enlith's Magic Scroll Shoppe.
  2305 | D:2      | Bought a scroll of identify for 26 gold pieces
  2305 | D:2      | Bought a scroll of identify for 26 gold pieces
  2722 | D:2      | Bought a scroll of fear for 45 gold pieces
  2993 | D:3      | Found a broken altar of Ashenzari.
  3085 | D:3      | Reached XP level 5. HP: 40/40 MP: 0/0
  3085 | D:3      | Learned a level 2 spell: Blink
  3096 | D:3      | Reached ** piety under Trog
  3196 | D:3      | Found an ornate altar of the Wu Jian Council.
  3531 | D:3      | Reached skill level 4 in Axes
  3739 | D:3      | Reached skill level 1 in Shields
  4437 | D:4      | Reached XP level 6. HP: 46/46 MP: 0/0
  5021 | D:4      | Found a shadowy altar of Dithmenos.
  5039 | D:4      | Found a sparkling altar of Nemelex Xobeh.
  5230 | D:5      | Entered Level 5 of the Dungeon
  5291 | D:5      | Noticed an ogre
  5302 | D:5      | Killed an ogre
  5303 | D:5      | Reached XP level 7. HP: 51/51 MP: 0/0
  5303 | D:5      | Learned a level 2 spell: Poisonous Vapours
  5388 | D:5      | Reached skill level 5 in Axes
  5436 | D:5      | Found a white marble altar of Elyvilon.
  5436 | D:5      | Found a glowing golden altar of the Shining One.
  5436 | D:5      | Found a glowing silver altar of Zin.
  5448 | D:5      | Noticed Blork the orc
  5516 | D:5      | Noticed Edmund
  5526 | D:5      | Killed Edmund
  5598 | D:5      | Reached XP level 8. HP: 34/58 MP: 0/0
  5778 | D:5      | Reached skill level 6 in Axes
  6234 | D:5      | Killed Blork the orc
  6549 | D:5      | Found a burning altar of Makhleb.
  6978 | D:6      | Found a staircase to the Ecumenical Temple.
  7212 | D:6      | Reached XP level 9. HP: 58/62 MP: 0/0
  7212 | D:6      | Learned a level 3 spell: Ignite Poison
  7282 | D:6      | Reached skill level 7 in Axes
  7282 | D:6      | Reached skill level 5 in Armour
  7909 | Temple   | Entered the Ecumenical Temple
  7999 | D:6      | Reached skill level 8 in Axes
  9413 | D:7      | Reached *** piety under Trog
  9414 | D:7      | Reached XP level 10. HP: 69/69 MP: 0/0
  9423 | D:7      | Identified the +0 leather armour of the Apprentice {rN+}
  9584 | D:7      | Found a stormy altar of Qazlal.
 10572 | D:8      | Noticed a two-headed ogre
 10596 | D:8      | Killed a two-headed ogre
 10597 | D:8      | Reached skill level 5 in Fighting
 10597 | D:8      | Reached skill level 9 in Axes
 10598 | D:8      | Reached skill level 5 in Shields
 11255 | D:8      | Noticed a deep elf pyromancer
 11287 | D:8      | Killed a deep elf pyromancer
 11288 | D:8      | Reached XP level 11. HP: 32/76 MP: 0/0
 11288 | D:8      | Learned a level 5 spell: Yara's Violent Unravelling
 11461 | D:8      | Identified the +5 short sword of the People {freeze, rF+}
 11461 | D:8      | Noticed a centaur warrior
 11538 | D:8      | Noticed a manticore
 11578 | D:8      | Killed a manticore
 11836 | D:8      | Noticed a two-headed ogre
 11852 | D:8      | Killed a two-headed ogre
 11853 | D:8      | Reached skill level 10 in Axes
 12039 | D:8      | Noticed an eight-headed hydra
 12068 | D:8      | Killed an eight-headed hydra
 12316 | D:8      | Noticed a four-headed hydra
 12321 | D:8      | Killed a centaur warrior
 12328 | D:8      | Killed a four-headed hydra
 12555 | D:8      | Noticed a manticore
 12571 | D:8      | Killed a manticore
 12901 | D:8      | Reached **** piety under Trog
 13204 | D:8      | Identified the +7 chain mail "Iseorch" {Int+6}
 13596 | D:8      | Noticed a boulder beetle
 13615 | D:8      | Killed a boulder beetle
 13616 | D:8      | Reached XP level 12. HP: 66/83 MP: 0/0
 14533 | D:9      | Noticed a sun demon
 14693 | D:9      | Found a sacrificial altar of Ru.
 14749 | D:9      | Reached skill level 11 in Axes
 15318 | D:9      | Found a bloodstained altar of Trog.
 15440 | D:9      | Found an opulent altar of Gozag.
 15642 | D:10     | Entered Level 10 of the Dungeon
 15643 | D:10     | Identified a scroll of acquirement
 15643 | D:10     | Acquired a +1 vampiric broad axe
 15790 | D:10     | Found a basalt altar of Yredelemnul.
 15794 | D:10     | Noticed a two-headed ogre
 15809 | D:10     | Killed a two-headed ogre
 15813 | D:10     | Noticed Urug
 16019 | D:10     | Noticed Grum
 16046 | D:10     | Killed Grum
 16056 | D:10     | Killed Urug
 16594 | D:10     | Reached skill level 10 in Armour
 16694 | D:10     | Found a staircase to the Orcish Mines.
 17254 | D:11     | Found a staircase to the Lair.
 17275 | D:11     | Reached skill level 12 in Axes
 17411 | D:11     | Noticed a five-headed hydra
 17483 | D:11     | Noticed a boulder beetle
 17597 | D:11     | Killed a five-headed hydra
 17598 | D:11     | Reached XP level 13. HP: 89/89 MP: 0/0
 17598 | D:11     | Learned a level 5 spell: Manifold Assault
 17779 | Lair:1   | Entered Level 1 of the Lair of Beasts
 18172 | D:11     | Killed a boulder beetle
 18264 | D:11     | Found Ypypoaf's Self-Improvement Boutique.
 18937 | Lair:1   | Noticed a six-headed hydra
 18950 | Lair:1   | Killed a six-headed hydra
 18951 | Lair:1   | Reached skill level 13 in Axes
 19849 | Lair:2   | Noticed a six-headed hydra
 19867 | Lair:2   | Killed a six-headed hydra
 20927 | Lair:3   | Reached ***** piety under Trog
 21120 | Lair:3   | Found a staircase to the Swamp.
 21239 | Lair:3   | Reached XP level 14. HP: 96/96 MP: 0/0
 21431 | Lair:3   | Reached skill level 10 in Shields
 21919 | Lair:4   | Received a gift from Trog
 23258 | Lair:4   | Found a staircase to the Snake Pit.
 24365 | Lair:5   | Found the +18 shield of the Gong {rElec rN+ Will+ EV-5}
 24480 | Lair:5   | Found a runed translucent door.
 24480 | Lair:5   | Found a viscous altar of Jiyva.
 24481 | Lair:5   | Noticed an azure jelly
 24484 | Lair:5   | Found a staircase to the Slime Pits.
 24530 | Lair:5   | Reached skill level 14 in Axes
 25158 | Lair:6   | Entered Level 6 of the Lair of Beasts
 25917 | Lair:6   | Received a gift from Trog
 26328 | Lair:6   | Reached XP level 15. HP: 96/103 MP: 0/0
 26328 | Lair:6   | Learned a level 6 spell: Dispersal
 26374 | Lair:6   | Fell from the grace of Trog
 39565 | Lair:6   | Identified the +2 shortbow of the Viper {vorpal, rElec rN+
                  | Str+6 Int-3}
 39691 | Lair:6   | Reached skill level 1 in Spellcasting
 40056 | Lair:6   | Paralysed by Trog for 5 turns
 51159 | Lair:6   | Glimpsed the power of Zot.
 51458 | D:3      | Became a worshipper of Ashenzari the Shackled
 52097 | D:12     | Slain by a slime creature

Illustrated notes

Levels and vault maps discovered:
D:1:      psy_arrival_radial01, layout_basic, serial_rivers,
          chequers_serial_rivers_room_b, chequers_serial_rivers_micro_e,
          chequers_serial_rivers_marsh, chequers_serial_rivers_large_a,
          chequers_serial_rivers_micro_c, chequers_serial_rivers_room_b,
          st_stairs_6, serial_park_tiny_1, kennysheep_small_spiral
D:2:      layout_basic, hellmonk_ecumenical_altar_leap_of_faith, serial_shops,
          shop, minmay_tetromino_l2
D:3:      layout_basic, lemuel_crystal_altar, nicolae_ashenzari_panopticon
D:4:      layout_gridville, nicolae_sif_muna_little_library,
          mainiacjoe_overflow_surrounded_room, lemuel_coloured_pillars_altar
D:5:      layout_layer_cave, good_gods_mini_temple, makhleb_heckhound_becter,
          hex_medium, columned_hall_lemuel, uniq_edmund, uniq_blork_the_orc
D:6:      layout_cave_pools, minmay_temple_entry_stoned_glass,
          nicolae_lava_and_water, minmay_crystal_water, minivault_1,
          kennysheep_generic_room_13
D:7:      layout_layer_cave, kennysheep_vampire_church,
          nicolae_qazlal_style_of_elements, minmay_misc_feat_square
D:8:      minmay_the_grid_octo_tiled_octocenter [minmay_the_grid_octo_chip,
          minmay_the_grid_octo_pinwheel, minmay_the_grid_octo_odd_swirl,
          minmay_the_grid_octo_concentric,
          minmay_the_grid_octo_prize_square_snowflake,
          minmay_the_grid_square_5x5_three_walls,
          minmay_the_grid_square_5x5_inner_i,
          minmay_the_grid_square_5x5_inner_z,
          minmay_the_grid_square_5x5_misaligned], layout_basic,
          small_statue_intersection
D:9:      layout_roguey, mainiacjoe_overflow_chevrons,
          mainiacjoe_overflow_tiny_flanked, trog_butcher_becter
D:10:     layout_basic, mainiacjoe_overflow_catwalk_spiral, orc_0_dummy,
          minmay_beelzebubs_servants, uniq_urug, uniq_grum
D:11:     layout_cave_pools, erik_lair_orcish_takeover, nicolae_shop_self_help
D:12:     layout_long_grid, nicolae_trove_entry_path_of_doom, uniq_erolcha
Temple:   corrupted_temple
Lair:1:   layout_big_grid, beast_lair_carwin_7, serial_bayou_shore_b,
          minmay_lair_oklob_chamber
Lair:2:   layout_regular_city
Lair:3:   layout_cave_pods, swamp_mist
Lair:4:   pond_and_an_island_with_a_cottage, layout_cellular_growth,
          minmay_snake_entry_guardpost_medium, lemuel_fruit_tree
Lair:5:   layout_hall_layers, slime_altar_2
Lair:6:   minmay_lair_end_enchanted_forest, layout_gridlike,
          lemuel_another_geyser

Skill      XL: |  1  2  3  4  5  6  7  8  9 10 11 12 13 14 15 |
---------------+----------------------------------------------+-----
Axes           | 3 4 5 6 8 9 10 12 13 14 | 14.5
Shields        | 1 2 3 4 5 7 8 9 11 | 11.0
Armour         | 3 4 6 7 9 10 11 | 11.7
Fighting       | 4 5 6 7 8 |  8.1
Dodging        | 3 4 |  4.8
Spellcasting   | 4 |  4.8

Action                   |  1- 3 |  4- 6 |  7- 9 | 10-12 | 13-15 || total
-------------------------+-------+-------+-------+-------+-------++-------
Melee: Hand axe          |    76 |     3 |       |       |       ||    79
       War axe           |       |   187 |   276 |   448 |       ||   911
       Flail             |       |       |       |    20 |    29 ||    49
       Broad axe         |       |       |       |   128 |  1432 ||  1560
 Fire: Hunting sling     |       |       |       |       |     4 ||     4
 Cast: Poisonous Vapours |       |       |       |       |    25 ||    25
       Shock             |       |       |       |       |    19 ||    19
       Ignite Poison     |       |       |       |       |     4 ||     4
Invok: Berserk           |     3 |     6 |    12 |    29 |    16 ||    66
       Trog's Hand       |       |       |     4 |     8 |     3 ||    15
       Renounce Religion |       |       |       |       |     1 ||     1
Evoke: Wand              |       |       |     6 |       |       ||     6
  Use: Scroll            |       |     8 |     4 |     5 |     6 ||    23
       Potion            |       |       |       |       |     1 ||     1
 Stab: Sleeping          |     2 |     1 |       |       |       ||     3
Armor: Animal skin       |    12 |     9 |       |       |       ||    21
       Leather armour    |       |    23 |       |       |       ||    23
       Scale mail        |       |    44 |       |       |       ||    44
       Plate armour      |       |       |   194 |   215 |       ||   409
       Chain mail        |       |       |       |   238 |  1042 ||  1280
Dodge: Dodged            |    44 |   113 |    67 |   155 |   510 ||   889
Block: Kite shield       |       |       |    40 |   406 |  1030 ||  1476
